 Dungeon Crawl Stone Soup version 0.26-b1-32-g5d43845318 (webtiles) character file.

Game seed: 1166715606851408162

11151 Inarius the Severer (level 11, 0/139 HPs)
             Began as a Hill Orc Fighter on Jan 10, 2021.
             Was a High Priest of Okawaru.
             Killed by the air
             ... invoked by a blizzard demon
              (3 damage)
             ... in a Gauntlet.
             The game lasted 00:17:45 (13773 turns).

Inarius the Severer (Hill Orc Fighter)             Turns: 13773, Time: 00:17:46

Health: 0/139      AC: 18    Str: 23    XL:     11   Next: 73%
Magic:  16/16      EV:  8    Int:  8    God:    Okawaru [*****.]
Gold:   592        SH: 11    Dex: 10    Spells: 10/10 levels left

rFire    . . .     SeeInvis .   a - +0 war axe
rCold    + . .     Faith    +   c - +0 kite shield
rNeg     + . .     Spirit   .   C - +0 scale mail {rC+}
rPois    .         Reflect  .   (no helmet)
rElec    .         Harm     .   P - +2 cloak
rCorr    .         Rampage  .   (no gloves)
Will     .....     NoTele   +   N - +2 pair of boots
Stlth    ..........             z - amulet of faith
HPRegen  0.33/turn              d - ring of positive energy
MPRegen  0.15/turn              y - +4 ring of protection

@: berserking, hasted, very quick
A: no striking features
a: Renounce Religion, Heroism, Finesse


You were in a Gauntlet.
You worshipped Okawaru.
Okawaru was extremely pleased with you.
You visited 4 branches of the dungeon, and saw 15 of its levels.
You also visited: Sewer and Gauntlet.

You collected 881 gold pieces.
You spent 289 gold pieces at shops.

Inventory:

Hand Weapons
 a - a +0 war axe (weapon)
 A - a +4 quarterstaff of chaos
Missiles
 v - 12 javelins (quivered)
Armour
 c - a +0 kite shield (worn)
 k - the +2 scale mail "Wicia" {rElec Slay+2}
   (You found it on level 10 of the Dungeon)

   It affects your accuracy and damage with ranged weapons and melee attacks
   (+2).
   It insulates you from electricity.
 p - a +0 plate armour
 C - a +0 scale mail of cold resistance (worn)
 N - a +2 pair of boots (worn)
 P - a +2 cloak (worn)
 V - the +0 pair of boots "Waucuju" {rF+ Str-4 Int+4 Stlth+}
   (Okawaru gifted it to you on level 1 of the Orcish Mines)

   It affects your strength (-4).
   It affects your intelligence (+4).
   It protects you from fire.
   It makes you more stealthy.
Jewellery
 d - a ring of positive energy (left hand)
 w - an uncursed amulet of guardian spirit
 y - a +4 ring of protection (right hand)
 z - an amulet of faith (around neck)
Wands
 m - a wand of acid (13)
 u - a wand of enslavement (11)
 F - a wand of random effects (3)
 J - a wand of polymorph (18)
 K - a wand of iceblast (4)
 M - a wand of digging (8)
 Q - a wand of disintegration (17)
Scrolls
 b - 2 scrolls of enchant weapon
 h - a scroll of magic mapping
 i - 3 scrolls of immolation
 l - 5 scrolls of amnesia
 n - 3 scrolls of enchant armour
 o - 9 scrolls of teleportation
 q - 3 scrolls of fog
 r - 2 scrolls of noise
 s - 4 scrolls of remove curse
 D - a scroll of blinking
 R - a scroll of holy word
 S - 2 scrolls of vulnerability
Potions
 e - a potion of flight
 f - 2 potions of haste
 g - a potion of brilliance {unknown}
 j - 4 potions of curing
 t - 2 potions of heal wounds
 x - a potion of might
 B - 2 potions of magic {unknown}
 E - 3 potions of attraction {unknown}
 G - 2 potions of lignification {unknown}
 H - a potion of ambrosia
 I - a potion of invisibility
 T - 3 potions of mutation
Miscellaneous
 U - a condenser vane


   Skills:
 + Level 7.7 Fighting
 * Level 16.3 Axes
 + Level 0.5 Throwing
 + Level 7.0 Armour
 + Level 1.2 Stealth
 + Level 7.8 Shields
 * Level 7.2 Invocations
 * Level 4.0 Evocations


You had 10 spell levels left.
You didn't know any spells.
Your spell library contained the following spells:

 Spells                   Type           Power        Failure   Level
 Shock                    Conj/Air       0%           94%         1
 Swiftness                Air            0%           98%         2
 Static Discharge         Conj/Air       0%           100%        3
 Airstrike                Air            0%           100%        4
 Lightning Bolt           Conj/Air       0%           100%        5


Dungeon Overview and Level Annotations

Branches:
Dungeon (11/15)            Temple (1/1) D:5            Lair (1/6) D:11
    Orc (2/2) D:9           Sewer (visited)         Gauntlet (1/1)
    Elf: Orc:2

Altars:
Ashenzari
Cheibriados
Dithmenos
Elyvilon
Fedhas
Gozag
Hepliaklqana
Kikubaaqudgha
Makhleb
Nemelex Xobeh
Okawaru
Qazlal
Ru
Sif Muna
Trog
Uskayaw
Vehumet
Wu Jian
Xom
Yredelemnul
Zin
The Shining One

Shops:
D:5 =   D:7 !   D:10 *

Annotations:
Gauntlet 11 transporters, 2 runed translucent doors


Message History

* * * LOW HITPOINT WARNING * * *
Unknown command.
You feel much better. The blizzard demon gestures at you.
The bolt of lightning hits you!!
* * * LOW HITPOINT WARNING * * *
A red film seems to cover your vision as you go berserk!
You feel yourself moving faster!
You feel mighty!
Your shield and scale mail prevent you from hitting the blizzard demon.
The blizzard demon is moderately wounded.
The blizzard demon hits you!
* * * LOW HITPOINT WARNING * * *
The blizzard demon hits you but does no damage.
You barely miss the blizzard demon.
The blizzard demon is moderately wounded.
You closely miss the blizzard demon.
The blizzard demon is moderately wounded.
The blizzard demon waves its arms in wide circles.
The air twists around and strikes you.
You die...

..........#§#§#≈#≈#≈#≈#§##
∩..8..∩.................≈#
...©......8.....8.....8§##
#########.......©......§≈#
.......W#...#########...##
^.....WW#...#..##...#...≈#
.#PP.#.W#...#...##..#...##
.....P.W#...#.#2^##.#...≈#
...©...W#.8.#.##@.#.#.8.##
...^.P..#...#..##...#...≈#
.#...#..#...#.(.##..#...##
.......^#...#.==©##.#...≈#
.")©=...#...#########...##
#########.....#.©.#.....≈#
.#.©.#....8...#.8.#...8.##
.#...#........#.©.#......##
.#.©.#.....###########...≈#


You could see a blizzard demon.

Vanquished Creatures
  A hydra (D:11)
  A two-headed ogre (D:10)
  An ugly thing (D:11)
  An orc sorcerer (Orc:1)
  3 trolls
  A merfolk (D:11)
  A hornet (D:8)
  A vampire (D:10)
  3 yaks (D:11)
  Grum (D:10)
  3 water moccasins
  7 orc warriors
  2 black bears (D:11)
  An ice beast (D:7)
  4 phantoms
  A necrophage (D:11)
  2 sky beasts (D:9)
  5 ogres
  3 wolves (D:10)
  6 centaurs
  3 big kobolds
  7 bullfrogs
  A wyvern skeleton (D:6)
  6 scorpions
  2 water moccasin skeletons
  9 killer bees
  14 wights
  A quasit (D:9)
  Crazy Yiuf (D:3)
  A centaur zombie (D:5)
  2 jellies
  4 hounds
  12 orc priests
  A bullfrog skeleton (D:11)
  4 centaur skeletons
  17 orc wizards
  7 iguanas
  5 worker ants
  2 hound skeletons
  5 gnolls
  7 adders
  A shadow imp (D:8)
  6 white imps
  An ufetubus (D:7)
  2 oozes
  3 adder skeletons
  5 worms
  5 dart slugs
  5 leopard geckos
  78 orcs
  12 bats
  8 giant cockroaches
  13 goblins
  8 hobgoblins
  8 jackals
  5 quokkas
  4 ball pythons
  7 frilled lizards
  32 kobolds
  A leopard gecko zombie (D:6)
  2 quokka zombies
  11 rats
376 creatures vanquished.

Vanquished Creatures (collateral kills)
  A yak (D:11)
  A big kobold (D:11)
  A kobold (D:11)
3 creatures vanquished.

Vanquished Creatures (others)
  An orc warrior (D:8)
  An orc (D:9)
  20 fungi
  23 plants
  22 withered plants (Gauntlet)
67 creatures vanquished.

Grand Total: 446 creatures vanquished

Notes
Turn   | Place    | Note
-------+----------+-------------------------------------------
     0 | D:1      | Inarius the Hill Orc Fighter began the quest for the Orb.
     0 | D:1      | Reached XP level 1. HP: 19/19 MP: 1/1
   165 | D:1      | Reached skill level 3 in Axes
   165 | D:1      | Reached XP level 2. HP: 24/27 MP: 2/2
   450 | D:1      | Reached XP level 3. HP: 33/33 MP: 3/3
   881 | D:2      | Reached skill level 4 in Axes
  1136 | D:2      | Reached XP level 4. HP: 40/40 MP: 4/4
  1167 | D:2      | Noticed an ogre
  1174 | D:2      | Killed an ogre
  1175 | D:2      | Reached skill level 5 in Axes
  1175 | D:2      | Reached XP level 5. HP: 46/46 MP: 5/5
  1773 | D:2      | Found a bloodstained altar of Trog.
  1862 | D:3      | Found a blossoming altar of Fedhas.
  1878 | D:3      | Reached skill level 6 in Axes
  2084 | D:3      | Reached XP level 6. HP: 52/52 MP: 6/6
  2271 | D:3      | Found a runed translucent door.
  2272 | D:3      | Noticed Crazy Yiuf
  2616 | D:3      | Reached skill level 7 in Axes
  2820 | D:3      | Killed Crazy Yiuf
  3090 | D:4      | Reached XP level 7. HP: 60/60 MP: 7/7
  3134 | D:4      | Reached skill level 8 in Axes
  3507 | D:5      | Entered Level 5 of the Dungeon
  3534 | D:5      | Found a glowing drain.
  3538 | Sewer    | Entered a sewer
  3605 | Sewer    | Reached skill level 9 in Axes
  3816 | D:5      | Found a staircase to the Ecumenical Temple.
  3872 | D:5      | Reached XP level 8. HP: 31/67 MP: 8/8
  4075 | Temple   | Entered the Ecumenical Temple
  4200 | Temple   | Became a worshipper of Warmaster Okawaru
  4283 | D:5      | Reached skill level 5 in Fighting
  4406 | D:5      | Found Qofae's Jewellery Shoppe.
  4416 | D:5      | Reached skill level 10 in Axes
  4416 | D:5      | Reached skill level 5 in Shields
  4779 | D:5      | Found a burning altar of Makhleb.
  4781 | D:5      | Noticed a balrug
  5304 | D:6      | Found a white marble altar of Elyvilon.
  5390 | D:6      | Reached * piety under Okawaru
  5401 | D:6      | Reached skill level 11 in Axes
  5401 | D:6      | Reached skill level 5 in Armour
  5716 | D:6      | Found a shimmering blue altar of Sif Muna.
  5969 | D:7      | Reached XP level 9. HP: 69/74 MP: 9/9
  6032 | D:7      | Found Gaafud's Distillery.
  6046 | D:7      | Reached skill level 1 in Invocations
  6068 | D:7      | Reached skill level 12 in Axes
  6150 | D:7      | Reached ** piety under Okawaru
  6559 | D:7      | Bought a potion of degeneration for 14 gold pieces
  7978 | D:8      | Reached skill level 13 in Axes
  8109 | D:8      | Noticed a hornet
  8120 | D:8      | Killed a hornet
  8484 | D:9      | Reached *** piety under Okawaru
  8485 | D:9      | Reached XP level 10. HP: 78/84 MP: 12/12
  8997 | D:9      | Reached skill level 1 in Evocations
  9107 | D:9      | Reached skill level 14 in Axes
  9796 | D:9      | Found a staircase to the Orcish Mines.
  9838 | D:10     | Entered Level 10 of the Dungeon
  9882 | D:10     | Reached **** piety under Okawaru
  9883 | D:10     | Reached skill level 5 in Invocations
 10196 | D:10     | Found Xapaaclo's Assorted Antiques.
 10211 | D:10     | Bought a scroll of identify for 62 gold pieces
 10211 | D:10     | Bought 2 scrolls of identify for 124 gold pieces
 10211 | D:10     | Bought a scroll labelled VIXTAU YRINA for 31 gold pieces
 10211 | D:10     | Bought a scroll labelled TUDUAJEAFF for 31 gold pieces
 10211 | D:10     | Bought a lumpy black potion for 27 gold pieces
 10434 | D:10     | Got a brightly glowing scale mail
 10445 | D:10     | Identified the +2 scale mail "Wicia" {rElec Slay+2} (You
                  | found it on level 10 of the Dungeon)
 10843 | D:10     | Noticed a two-headed ogre
 11015 | D:10     | Noticed Grum
 11019 | D:10     | Killed a two-headed ogre
 11019 | D:10     | Reached ***** piety under Okawaru
 11020 | D:10     | Reached skill level 15 in Axes
 11020 | D:10     | Reached XP level 11. HP: 82/92 MP: 12/15
 11044 | D:10     | Killed Grum
 11513 | D:11     | Received a gift from Okawaru
 11514 | D:11     | Reached skill level 1 in Stealth
 11523 | D:11     | Found a staircase to the Lair.
 12097 | D:11     | Noticed an eight-headed hydra
 12102 | D:11     | Killed an eight-headed hydra
 12283 | D:11     | Noticed a brown ugly thing
 12333 | D:11     | Killed a brown ugly thing
 12334 | D:11     | Reached skill level 16 in Axes
 12751 | Orc:1    | Entered Level 1 of the Orcish Mines
 12760 | Orc:1    | Noticed Sonja
 13088 | Orc:1    | Noticed Sonja
 13088 | Orc:1    | Sonja changed into Sonja the worm
 13092 | Orc:1    | Killed Sonja the worm
 13137 | Orc:1    | Noticed an orc sorcerer
 13143 | Orc:1    | Paralysed by an orc sorcerer for 3 turns
 13151 | Orc:1    | Killed an orc sorcerer
 13190 | Orc:1    | Received a gift from Okawaru
 13193 | Orc:1    | Got a pair of slimy boots {god gift}
 13206 | D:9      | Identified the +0 pair of boots "Waucuju" {rF+ Str-4 Int+4
                  | Stlth+} (Okawaru gifted it to you on level 1 of the Orcish
                  | Mines)
 13411 | Orc:2    | Entered Level 2 of the Orcish Mines
 13411 | Orc:2    | Noticed a cyclops
 13534 | Lair:1   | Entered Level 1 of the Lair of Beasts
 13535 | Lair:1   | Found a gate leading to a gauntlet.
 13563 | Gauntlet | Entered a Gauntlet
 13563 | Gauntlet | Found a transporter.
 13563 | Gauntlet | Noticed a lindwurm
 13571 | Gauntlet | Noticed a blizzard demon
 13572 | Gauntlet | Found a transporter.
 13592 | Gauntlet | Found a transporter.
 13596 | Gauntlet | Found a transporter.
 13601 | Gauntlet | Noticed a cyan ugly thing
 13612 | Gauntlet | Found a transporter.
 13616 | Gauntlet | Noticed a great orb of eyes
 13625 | Gauntlet | Found a transporter.
 13638 | Gauntlet | Found a transporter.
 13641 | Gauntlet | Found the +2 cloak of the Thief {*Fog Slay-2 SInv Stlth+}
 13655 | Gauntlet | Found a transporter.
 13659 | Gauntlet | Found a transporter.
 13661 | Gauntlet | Found the ring of the Tortoise {AC+8}
 13661 | Gauntlet | Found a runed translucent door.
 13663 | Gauntlet | Found a runed translucent door.
 13667 | Gauntlet | Found a transporter.
 13669 | Gauntlet | Noticed a moth of wrath
 13669 | Gauntlet | a slime creature changed into a moth of wrath
 13672 | Gauntlet | a moth of wrath changed into a torpor snail
 13673 | Gauntlet | Noticed a moth of wrath
 13673 | Gauntlet | a torpor snail changed into a moth of wrath
 13675 | Gauntlet | Noticed a mana viper
 13675 | Gauntlet | an eye of devastation changed into a mana viper
 13680 | Gauntlet | Noticed a mana viper
 13680 | Gauntlet | a moth of wrath changed into a mana viper
 13692 | Gauntlet | Found a transporter.
 13692 | Gauntlet | Found a transporter.
 13692 | Gauntlet | Noticed a salamander
 13692 | Gauntlet | a mana viper changed into a salamander
 13692 | Gauntlet | a mana viper changed into a yaktaur
 13693 | Gauntlet | a salamander changed into a black mamba
 13693 | Gauntlet | Noticed a reaper
 13701 | Gauntlet | Noticed a harpy
 13701 | Gauntlet | a soldier ant changed into a harpy
 13771 | Gauntlet | HP: 2/139 [blizzard demon (9)]
 13773 | Gauntlet | Killed from afar by a blizzard demon

Illustrated notes

Levels and vault maps discovered:
D:1:      dpeg_arrival_simpleton_b, layout_basic
D:2:      layout_rooms, hangedman_decor_push, trog_butcher_becter
D:3:      minmay_thinvault, layout_basic, fedhas_altar_3,
          uniq_crazy_yiuf_cottage
D:4:      layout_rooms, minivault_25
D:5:      layout_loops_ring, minmay_temple_entry_overgrown,
          gup_sewer_entry_bowl, serial_shops, shop, makhleb_altar_promises_db
D:6:      layout_basic, lemuel_round_altar, elyvilon_altar_4
D:7:      layout_basic, serial_shops, shop
D:8:      layout_basic, patterned_corridor
D:9:      layout_cave_pools, erik_orc_2
D:10:     layout_rooms, serial_shops, nicolae_shop_trees, uniq_grum
D:11:     layout_gridville, due_lair_maze_entry_diamond, hangedman_fish_farm
Temple:   kilobyte_greek_temple
Lair:1:   layout_misc_corridors, gauntlet_entry_generic
Orc:1:    layout_diamond_mine, mines2_david, uniq_sonja, uniq_jorgrun
Orc:2:    st_orc_mages, layout_caves
Gauntlet: minmay_gauntlet_mixed_oops_all_seconds
          [minmay_gauntlet_arena_77_cramped, gammafunk_gauntlet_arena_hedges,
          minmay_gauntlet_arena_77_two_lines, nicolae_gauntlet_arena_x,
          minmay_gauntlet_arena_77_checkered, nicolae_gauntlet_arena_t_cross,
          gauntlet_exit_hidden_loot]

Skill      XL: |  1  2  3  4  5  6  7  8  9 10 11 |
---------------+----------------------------------+-----
Axes           | 3 4 5 6 7 9 11 13 15 16 | 16.3
Fighting       | 4 5 6 7 |  7.7
Shields        | 4 5 6 7 |  7.8
Armour         | 4 5 6 7 |  7.0
Invocations    | 3 5 7 |  7.2
Evocations     | 3 4 |  4.0
Stealth        | 1 |  1.2
Throwing       | |  0.5

Action                   |  1- 3 |  4- 6 |  7- 9 | 10-12 || total
-------------------------+-------+-------+-------+-------++-------
Melee: War axe           |    98 |   248 |   468 |   502 ||  1316
Throw: Javelin           |       |       |    11 |       ||    11
Invok: Heroism           |       |       |       |     1 ||     1
Evoke: Wand              |       |       |       |    34 ||    34
  Use: Scroll            |       |       |    11 |    15 ||    26
       Potion            |       |       |     2 |     3 ||     5
 Stab: Distracted        |       |       |       |     1 ||     1
Armor: Scale mail        |    43 |    11 |       |   107 ||   161
       Plate armour      |       |    82 |   270 |   147 ||   499
Dodge: Dodged            |    25 |    44 |    51 |   110 ||   230
Block: Kite shield       |    54 |   131 |   235 |   248 ||   668
